 Dungeon Crawl Stone Soup version 0.30-a0-222-ge547ba4400 (webtiles) character file.

Game seed: 1949659435692973797

141 qw the Chopper (level 5, 0/32 HPs)
             Began as a Gargoyle Fighter on Oct 8, 2022.
             Slain by a lemure (4 damage)
             ... led by Pikel
             ... on level 4 of the Dungeon.
             The game lasted 00:01:14 (3071 turns).

qw the Chopper (Gargoyle Fighter)                   Turns: 3071, Time: 00:01:14

Health: 0/32       AC: 14    Str: 21    XL:     5   Next: 24%
Magic:  5/5        EV:  7    Int:  9    God:
Gold:   18         SH:  4    Dex:  9    Spells: 4/4 levels left

rFire   . . .      SeeInvis .    Y - +1 war axe
rCold   . . .      Faith    .    c - +0 buckler
rNeg    + . .      Spirit   .    n - +0 chain mail
rPois   inf        Reflect  .    (no helmet)
rElec   +          Harm     .    (no cloak)
rCorr   .          Rampage  .    p - +0 pair of gloves
Will    .....                    (no boots)
Stlth   ..........               (no amulet)
HPRegen 0.25/turn                (no ring)
MPRegen 0.09/turn                (no ring)

@: no status effects
A: sickness immunity, AC +4, negative energy resistance 1, electricity
resistance, torment resistance 1, petrification resistance
a: no special abilities


You were on level 4 of the Dungeon.
You visited 1 branch of the dungeon, and saw 4 of its levels.

You collected 177 gold pieces.
You spent 159 gold pieces at shops.


Innate Abilities, Weirdness & Mutations

You are immune to sickness and miasma.
Your stone body is resilient. (AC +4)
You are immune to poison.
You resist negative energy. (rN+)
You are resistant to electric shocks. (rElec)
You are resistant to unholy torment.
You are immune to petrification.


   Skills:
 - Level 3.2 Fighting
 + Level 4.8 Axes
 - Level 3.2 Armour
 - Level 3.2 Shields


You had 4 spell levels left.
You didn't know any spells.
Your spell library was empty.

Inventory:

Hand Weapons
 b - a +1 flail of holy wrath
 Y - a +1 war axe (weapon)
Armour
 c - a +0 buckler (worn)
 n - a +0 chain mail (worn)
 p - a +0 pair of gloves (worn)
Scrolls
 a - a scroll of identify
Potions
 d - 3 potions of might
 g - 2 potions of attraction
 h - 2 potions of cancellation
 i - a potion of resistance
 j - a potion of curing {unknown}
 l - a potion of degeneration {unknown}
 m - a potion of ambrosia {unknown}
 o - a potion of mutation {unknown}

Dungeon Overview and Level Annotations

Branches:
Dungeon (4/15)
 Temple: D:4-7

Altars:
Nemelex Xobeh

Shops:
D:3 (

Annotations:
D:3 2 runed translucent doors, qw's ghost, amateur GrFi
D:4 Pikel


Message History

You slash Pikel!
Pikel is moderately wounded.
You slash the lemure! The lemure hits you but does no damage.
Pikel hits you with a +2 whip of electrocution!
You hit Pikel.
Pikel is heavily wounded.
You hit the lemure. The lemure hits you but does no damage.
Pikel hits you but does no damage. You block the lemure's attack.
Pikel hits you but does no damage.
You hit Pikel.
Pikel is heavily wounded.
You hit the lemure. The lemure hits you.
Pikel hits you with a +2 whip of electrocution!
You closely miss Pikel.
Pikel is heavily wounded.
You hit the lemure but do no damage. The lemure closely misses you.
Pikel hits you with a +2 whip of electrocution.
You slash Pikel!
Pikel is severely wounded.
You hit the lemure. The lemure barely misses you.
Pikel hits you but does no damage.
You hit Pikel but do no damage.
Pikel is severely wounded.
You closely miss the lemure.
A hobgoblin comes into view.
You block the lemure's attack.
Pikel hits you with a +2 whip of electrocution.
Pikel closely misses you.
A hobgoblin comes into view.
The lemure barely misses you.
The hobgoblin shouts! x2
You hit Pikel.
Pikel is almost dead.
You barely miss the lemure.
You hear a shout! x2
The lemure hits you.
You die...

.## ##..#
####...##
####.......#
...........####
........[......
..g.....5......
......K@.....#
.g...####..#.#
.## .# #


You could see Pikel, a lemure and 2 hobgoblins.

Vanquished Creatures
  3 lemures (D:3)
  Jessica (D:2)
  Terence (D:3)
  An adder (D:2)
  A worm (D:2)
  2 dart slugs
  3 orcs (D:3)
  12 endoplasms
  4 giant cockroaches
  6 goblins
  4 hobgoblins
  2 jackals (D:2)
  7 quokkas
  3 ball pythons
  3 bats
  5 frilled lizards
  7 kobolds
  4 rats
69 creatures vanquished.

Notes
Turn   | Place    | Note
-------+----------+-------------------------------------------
     0 | D:1      | qw the Gargoyle Fighter began the quest for the Orb.
     0 | D:1      | Reached XP level 1. HP: 14/14 MP: 1/1
     0 | D:1      | 0 ||| qw: Version: 0.2-a-17-g79969f3
     0 | D:1      | 0 ||| qw: Game counter: 1985
     0 | D:1      | 0 ||| qw: Always use a shield: true
     0 | D:1      | 0 ||| qw: God list: Okawaru
     0 | D:1      | 0 ||| qw: Allow faded altars: false
     0 | D:1      | 0 ||| qw: Do Orc after D:15 true
     0 | D:1      | 0 ||| qw: Do second Lair branch before Depths: true
     0 | D:1      | 0 ||| qw: Lair rune preference: random
     0 | D:1      | 0 ||| qw: Plans: Normal, Zot:1-4, God:TSO, Crypt, Tomb,
                  | Pan, Slime:5, Hells, Abyss, Orb
     0 | D:1      | 0 ||| PLANNING D:1-11
    76 | D:1      | Reached skill level 2 in Axes
   129 | D:1      | Reached XP level 2. HP: 19/19 MP: 2/2
   513 | D:1      | Reached skill level 3 in Axes
   559 | D:1      | Reached XP level 3. HP: 23/23 MP: 3/3
   847 | D:1      | 847 ||| DROPPING amulet of magic regeneration.
   848 | D:1      | 848 ||| READING 2 scrolls labelled DIUS YTYFEUCKY.
   849 | D:1      | 849 ||| READING scroll labelled YRHASE NYRO.
   850 | D:1      | 850 ||| READING scroll labelled REISISHRYTEF.
   851 | D:1      | 851 ||| READING scroll labelled ODULYO FITWOA.
   856 | D:1      | 856 ||| READING scroll labelled GOMOBA GOXIVO.
   882 | D:2      | 882 ||| STAIRDANCE
  1101 | D:2      | 1101 ||| Stepping ~*~*~tactically~*~*~ (stealth).
  1154 | D:2      | 1154 ||| Stepping ~*~*~tactically~*~*~ (stealth).
  1192 | D:2      | Reached XP level 4. HP: 24/28 MP: 4/4
  1221 | D:2      | Noticed Jessica
  1222 | D:2      | 1222 ||| FLEEEEING.
  1223 | D:2      | 1223 ||| FLEEEEING.
  1224 | D:2      | 1224 ||| FLEEEEING.
  1225 | D:2      | 1225 ||| FLEEEEING.
  1226 | D:2      | 1226 ||| FLEEEEING.
  1227 | D:2      | 1227 ||| FLEEEEING.
  1228 | D:2      | 1228 ||| FLEEEEING.
  1235 | D:2      | 1235 ||| FLEEEEING.
  1236 | D:2      | 1236 ||| Stepping ~*~*~tactically~*~*~ (hiding).
  1240 | D:2      | 1240 ||| Stepping ~*~*~tactically~*~*~ (hiding).
  1246 | D:2      | Killed Jessica
  1247 | D:2      | Reached skill level 4 in Axes
  1324 | D:2      | Found a faded altar of an unknown god.
  1723 | D:2      | 1723 ||| UPGRADING to +0 chain mail.
  1733 | D:2      | 1733 ||| DROPPING +0 scale mail.
  1734 | D:2      | 1734 ||| DRINKING 2 black potions.
  1735 | D:2      | 1735 ||| DRINKING 2 inky potions.
  1736 | D:2      | 1736 ||| READING 2 scrolls of identify.
  1736 | D:2      | 1736 ||| IDENTIFYING amethyst potion
  1761 | D:3      | 1761 ||| PLANNING SEWER
  1801 | D:3      | 1801 ||| Stepping ~*~*~tactically~*~*~ (stealth).
  1831 | D:3      | 1831 ||| Stepping ~*~*~tactically~*~*~ (stealth).
  1995 | D:3      | Found a large runed translucent door.
  1995 | D:3      | Found a large runed translucent door.
  1997 | D:3      | Noticed qw's ghost (amateur GrFi)
  2080 | D:3      | Noticed Terence
  2089 | D:3      | Killed Terence
  2090 | D:3      | Reached XP level 5. HP: 30/32 MP: 5/5
  2098 | D:3      | 2098 ||| DROPPING +0 whip.
  2161 | D:3      | Found a sparkling altar of Nemelex Xobeh.
  2334 | D:3      | Found a glowing drain.
  2355 | D:3      | 2355 ||| UPGRADING to +0 pair of gloves.
  2360 | D:3      | 2360 ||| READING scroll labelled HOATER ZUYXYNE.
  2361 | D:3      | 2361 ||| READING scroll labelled WOFELOTIHE.
  2383 | D:3      | 2383 ||| DRINKING 2 pink potions.
  2487 | D:3      | 2487 ||| READING 2 scrolls of identify.
  2487 | D:3      | 2487 ||| IDENTIFYING murky cyan potion
  2488 | D:3      | 2488 ||| DROPPING potion of berserk rage.
  2560 | D:3      | Found Zolil's Weapon Shoppe.
  2568 | D:3      | 2568 ||| BUYING +1 flail of holy wrath (159 gold).
  2568 | D:3      | Bought a +1 flail of holy wrath for 159 gold pieces
  2568 | D:3      | 2568 ||| DROPPING +0 flail.
  2682 | D:3      | 2682 ||| RIP SEWER
  2682 | D:3      | 2682 ||| PLANNING D:1-11
  2729 | D:4      | Noticed Pikel
  2729 | D:4      | Noticed a lemure
  2729 | D:4      | Noticed a lemure
  2729 | D:4      | Noticed a lemure
  2729 | D:4      | Noticed a lemure
  2731 | D:4      | 2731 ||| STAIRDANCE
  2737 | D:3      | Killed a lemure
  2842 | D:4      | 2842 ||| STAIRDANCE
  2852 | D:3      | HP: 6/32 [lemure[Pikel] (6)]
  2853 | D:3      | 2853 ||| READING scroll of teleportation.
  2854 | D:3      | 2854 ||| DRINKING potion of heal wounds.
  2855 | D:3      | Killed a lemure
  2944 | D:3      | Killed a lemure
  3067 | D:4      | HP: 6/32 [Pikel/+2 whip of electrocution (9)]
  3071 | D:4      | Slain by a lemure

Levels and vault maps discovered:
D:1:      dpeg_arrival_refuge, layout_basic, kennysheep_pointless_box
D:2:      layout_loops_ring, shapermc_ecumenical_altar_ellora, uniq_jessica
D:3:      layout_loops_ring, mainiacjoe_overflow_six_doors_small,
          gup_sewer_entry_pipe, ebering_ghost_disaster_area, serial_shops,
          nicolae_shop_stone, minmay_distorted, uniq_terence
D:4:      layout_cave_pods, serial_shops, nicolae_diamond_shop,
          minmay_close_crescents, uniq_duvessa, uniq_pikel

Skill      XL: |  1  2  3  4 |
---------------+-------------+-----
Axes           | 2 3 4 |  4.8
Fighting       | |  3.2
Armour         | |  3.2
Shields        | |  3.2

Action                   |  1- 3 |  4- 6 || total
-------------------------+-------+-------++-------
Melee: War axe           |   118 |   109 ||   227
  Use: Scroll            |     5 |     5 ||    10
       Potion            |       |     4 ||     4
Armor: Scale mail        |    54 |     6 ||    60
       Chain mail        |       |    58 ||    58
Dodge: Dodged            |    45 |    35 ||    80
Block: Buckler           |    18 |    21 ||    39

Table legend:
 A = Non-vault XP
 B = Vault XP
 C = Vault XP percentage of total XP
 D = Non-vault monster count
 E = Vault monster count
 F = Vault count percentage of total count
                 A         B        C        D         E       F
            +---------+---------+-------+---------+---------+-------
      Total |     109 |      93 |  46.0 |      54 |      12 |  18.2
            +---------+---------+-------+---------+---------+-------
        D:1 |      43 |       0 |   0.0 |      26 |       0 |   0.0
        D:2 |      45 |      37 |  45.1 |      18 |       1 |   5.3
        D:3 |      21 |      56 |  72.7 |      10 |      11 |  52.4
            +---------+---------+-------+---------+---------+-------
